 Dungeon Crawl Stone Soup version 0.18-a0-1140-g8540535 (webtiles) character file.

11231 Duffy the Destroyer (level 11, -1/64 HPs)
             Began as a Deep Elf Conjurer on Jan 21, 2016.
             Was a Priest of Vehumet.
             Slain by Maud
             ... wielding a +4 eveningstar
              (39 damage)
             ... on level 10 of the Dungeon.
             The game lasted 00:24:38 (14208 turns).

Duffy the Destroyer (Deep Elf Conjurer)            Turns: 14208, Time: 00:24:39

Health: -1/64      AC:  4    Str:  5    XL:     11   Next: 46%
Magic:  13/37      EV: 11    Int: 24    God:    Vehumet [***...]
Gold:   580        SH:  0    Dex: 15    Spells: 6 memorised, 13 levels left

rFire  . . .     SeeInvis .     N - staff of energy {!a}
rCold  . . .     Gourm    .     a - +0 robe
rNeg   . . .     Faith    .     (no shield)
rPois  .         Spirit   .     (no helmet)
rElec  .         Dismiss  .     (no cloak)
rCorr  .         Reflect  .     z - +1 pair of gloves
SustAt .         Harm     .     (no boots)
MR     +....                    O - amulet of magic regeneration
Stlth  ++........               (no ring)
                                P - ring of magical power

@: somewhat resistant to hostile enchantments, unstealthy
A: no striking features
a: Renounce Religion


You were on level 10 of the Dungeon.
You worshipped Vehumet.
Vehumet was most pleased with you.
You were not hungry.

You visited 2 branches of the dungeon, and saw 11 of its levels.
You also visited: Sewer.

You collected 580 gold pieces.


   Skills:
 - Level 6.0 Fighting
 - Level 7.2 Dodging
 - Level 2.4 Stealth
 + Level 11.8 Spellcasting
 + Level 11.8 Conjurations
 - Level 6.2 Charms
 - Level 7.4 Fire Magic


You had 13 spell levels left.
You knew the following spells:

 Your Spells              Type           Power        Failure   Level  Hunger
a - Magic Dart            Conj           ####         1%          1    None
j - Iskenderun's Battles  Conj/Chrm      ######..     1%          5    None
k - Fireball              Conj/Fire      ######....   1%          5    None
l - Iskenderun's Mystic   Conj           ######..     1%          4    None
r - Regeneration          Chrm/Necr      ####......   3%          3    None
s - Searing Ray           Conj           ######       1%          2    None

Inventory:

Hand Weapons
 y - a +2 dagger of electrocution
 D - the +6 rapier of Keugid {holy, rN+ MR+}

   It has been blessed by the Shining One to cause great damage to the undead
   and demons.
   It protects you from negative energy.
   It affects your resistance to hostile enchantments.
 M - a +2 flail of protection
Missiles
 r - 31 poisoned needles
 w - 3 throwing nets (quivered)
Armour
 a - a +0 robe (worn)
 z - a +1 pair of gloves (worn)
 U - a troll hide
Magical Staves
 N - an uncursed staff of energy (weapon) {!a}
Jewellery
 O - an amulet of magic regeneration (around neck)
 P - a ring of magical power (left hand)
Wands
 h - a wand of paralysis (6/24)
 s - a wand of polymorph (17/24)
 A - a wand of lightning (4/15)
 Q - a wand of flame (34/48)
 V - a wand of magic darts (19/48)
Scrolls
 g - 2 scrolls of recharging {unknown}
 j - a scroll of fear {unknown}
 l - 5 scrolls of magic mapping
 o - 5 scrolls of teleportation
 p - 4 scrolls of enchant armour
 q - a scroll of blinking {unknown}
 v - 2 scrolls of random uselessness {unknown}
 x - 2 scrolls of noise {unknown}
 B - 3 scrolls of remove curse
 H - a scroll of immolation {unknown}
Potions
 e - 9 potions of heal wounds
 i - a potion of agility
 m - 5 potions of flight
 n - 2 potions of cancellation
 t - 2 potions of curing
 u - 2 potions of cure mutation
 C - a potion of resistance
 E - a potion of invisibility {unknown}
 G - 2 potions of brilliance
 I - a potion of magic {unknown}
 J - a potion of lignification
 K - a potion of ambrosia {unknown}
 L - 2 potions of haste {unknown}
 T - a potion of experience {unknown}
Books
 b - a book of Conjurations
 F - a book of Battle
 R - a book of Flames
Comestibles
 c - 7 bread rations
 d - 9 meat rations
 f - a fruit
 k - a beef jerky

Dungeon Overview and Level Annotations

Branches:
Dungeon (10/15)            Temple (1/1) D:6            Lair (0/8) D:10
    Orc: D:9-12

Altars:
Ashenzari
Cheibriados
Dithmenos
Elyvilon
Fedhas
Gozag
Kikubaaqudgha
Makhleb
Nemelex Xobeh
Okawaru
Pakellas
Qazlal
Ru
Sif Muna
Trog
Vehumet
Xom
Yredelemnul
Zin
The Shining One

Annotations:
D:8 George's ghost, novice MiFi
D:10 Maud


Message History

Aim: Maud, wielding an enchanted eveningstar and wearing a shiny chain mail (heavily wounded)
The orb of energy hits Maud.
Maud is heavily wounded.
The orb of energy explodes!
Your battlesphere fires!
The barrage of energy hits Maud.
Maud is heavily wounded.
Maud hits you with an enchanted eveningstar!!
A hill giant comes into view. It is wielding a giant club.
Cast which spell? (? or * to list)
Aiming: Iskenderun's Mystic Blast
Press: ? - help, Shift-Dir - straight line, f/p - Maud
Aim: Maud, wielding an enchanted eveningstar and wearing a shiny chain mail (heavily wounded)
The orb of energy hits Maud.
Maud is severely wounded.
The orb of energy explodes!
Your battlesphere fires!
The barrage of energy hits Maud.
Maud is severely wounded.
Maud hits your battlesphere with an enchanted eveningstar!!
Your battlesphere is destroyed!
There is an open door here.
Cast which spell? (? or * to list)
Aiming: Iskenderun's Mystic Blast
Press: ? - help, Shift-Dir - straight line, f/p - Maud
Aim: Maud, wielding an enchanted eveningstar and wearing a shiny chain mail (severely wounded)
The orb of energy hits Maud.
Maud is severely wounded.
Maud screams, "You can't face my power!"
Maud barely misses you.
Maud screams, "'Entarex' is mine!"
There is a stone staircase leading up here.
Maud hits you with an enchanted eveningstar!!!
Ouch! That really hurt!
You die...

#.# #.# #.# #.## #..#
# ######'####### ..
###............# ...
#.'..........!.#
....##.#.....C.@@...#
.C..C..#............#
....####............#
### #............#
##############


You could see Maud and a hill giant.

Action                   |  1- 3 |  4- 6 |  7- 9 | 10-12 || total
-------------------------+-------+-------+-------+-------++-------
Melee: Unarmed           |       |       |     2 |       ||     2
       Rapier            |       |       |     2 |       ||     2
 Cast: Magic Dart        |    61 |    59 |   310 |   141 ||   571
       Searing Ray       |       |    18 |    25 |    11 ||    54
       Iskenderun's Batt |       |       |    31 |    51 ||    82
       Iskenderun's Myst |       |       |     3 |    22 ||    25
       Fireball          |       |       |       |     5 ||     5
  Use: Scroll            |       |       |    10 |     2 ||    12
  Eat: Chunk             |       |     5 |    30 |    15 ||    50

Notes
Turn   | Place    | Note
--------------------------------------------------------------
     0 | D:1      | Duffy the Deep Elf Conjurer began the quest for the Orb.
     0 | D:1      | Reached XP level 1. HP: 10/10 MP: 6/6
   176 | D:1      | Reached XP level 2. HP: 15/15 MP: 6/8
   180 | D:1      | Learned a level 2 spell: Searing Ray
   478 | D:1      | Reached skill level 4 in Spellcasting
   614 | D:1      | Reached XP level 3. HP: 19/19 MP: 6/10
   652 | D:2      | Reached skill level 5 in Conjurations
   800 | D:3      | Reached XP level 4. HP: 24/24 MP: 4/12
   954 | D:3      | Reached skill level 5 in Spellcasting
   955 | D:3      | Reached XP level 5. HP: 28/28 MP: 5/14
  1512 | D:3      | Reached skill level 6 in Conjurations
  1704 | D:4      | Learned a level 5 spell: Iskenderun's Battlesphere
  1709 | D:4      | Learned a level 4 spell: Iskenderun's Mystic Blast
  1780 | D:4      | Found a bloodstained altar of Trog.
  1782 | D:4      | Found a glowing golden altar of the Shining One.
  1825 | D:4      | Reached skill level 6 in Spellcasting
  2085 | D:4      | Reached XP level 6. HP: 32/32 MP: 11/17
  2359 | D:4      | Noticed Natasha
  2362 | D:4      | Killed Natasha
  2430 | D:4      | Reached skill level 7 in Spellcasting
  2430 | D:4      | Reached skill level 7 in Conjurations
  2952 | D:4      | Reached XP level 7. HP: 24/36 MP: 11/19
  3070 | D:5      | Entered Level 5 of the Dungeon
  3220 | D:4      | Found a sparkling altar of Nemelex Xobeh.
  3222 | D:4      | Found a shadowy altar of Dithmenos.
  3329 | D:5      | Found a glowing drain.
  3332 | D:5      | Noticed Duvessa
  3332 | D:5      | Noticed Dowan
  3340 | D:5      | Killed Duvessa
  3343 | D:5      | Killed Dowan
  3343 | D:5      | Reached skill level 8 in Spellcasting
  3348 | D:5      | Reached skill level 8 in Conjurations
  3430 | Sewer    | Entered a sewer
  4478 | D:5      | Reached skill level 9 in Spellcasting
  4478 | D:5      | Reached XP level 8. HP: 41/41 MP: 14/23
  4774 | D:5      | Got a slimy rapier
  4775 | D:5      | Identified the +6 rapier of Keugid {holy, rN+ MR+} (You found it on level 5 of the Dungeon)
  4809 | D:5      | Reached skill level 9 in Conjurations
  5558 | D:6      | Reached skill level 10 in Spellcasting
  5566 | D:6      | Learned a level 3 spell: Regeneration
  5602 | D:6      | Found a staircase to the Ecumenical Temple.
  5617 | Temple   | Entered the Ecumenical Temple
  5851 | Temple   | Became a worshipper of Vehumet
  6017 | D:2      | Noticed Sigmund
  6363 | D:1      | Reached skill level 1 in Charms
  6608 | D:2      | Killed Sigmund
  6608 | D:2      | Reached skill level 3 in Charms
  7096 | D:2      | Found an oddly glowing altar of Pakellas.
  7096 | D:2      | Noticed an orange crystal statue
  7097 | D:2      | Noticed a troll
  7106 | D:2      | Killed an orange crystal statue
  7753 | D:3      | Found a deep blue altar of Sif Muna.
  7753 | D:3      | Found a white marble altar of Elyvilon.
  7849 | D:4      | Noticed Natasha
  7852 | D:4      | Killed Natasha
  8122 | D:5      | Reached skill level 4 in Charms
  8132 | D:5      | Reached skill level 10 in Conjurations
  8133 | D:5      | Reached * piety under Vehumet
  8133 | D:5      | Offered knowledge of Sandblast by Vehumet.
  8473 | D:5      | Reached skill level 5 in Charms
  8473 | D:5      | Reached XP level 9. HP: 45/45 MP: 15/25
  8594 | D:6      | Noticed Prince Ribbit
  8602 | D:6      | Killed Prince Ribbit
  8688 | D:6      | Reached skill level 6 in Charms
  8865 | D:6      | Noticed Grinder
  8884 | D:6      | Killed Grinder
  8884 | D:6      | Reached skill level 1 in Fighting
  8884 | D:6      | Reached skill level 3 in Dodging
  9066 | D:6      | Reached skill level 2 in Fighting
  9066 | D:6      | Reached skill level 4 in Dodging
  9269 | D:6      | Reached skill level 5 in Dodging
  9392 | D:6      | Reached skill level 3 in Fighting
  9584 | D:6      | Found an opulent altar of Gozag.
  9586 | D:6      | Noticed Edmund
  9595 | D:6      | Killed Edmund
  9595 | D:6      | Reached skill level 6 in Dodging
 10019 | D:7      | Found an opulent altar of Gozag.
 10049 | D:7      | Offered knowledge of Throw Flame by Vehumet.
 10194 | D:7      | Reached skill level 4 in Fighting
 10256 | D:7      | Reached ** piety under Vehumet
 10425 | D:7      | Reached XP level 10. HP: 56/56 MP: 17/26
 10638 | D:7      | Reached skill level 7 in Dodging
 11144 | D:8      | Reached skill level 5 in Fighting
 11300 | D:8      | Noticed George's ghost (novice MiFi)
 11365 | D:9      | Noticed Grum
 11395 | D:9      | Noticed Voda's ghost (novice OpWn)
 11792 | D:8      | Reached skill level 6 in Fighting
 11881 | D:8      | Killed Grum
 11883 | D:8      | Offered knowledge of Static Discharge by Vehumet.
 12318 | D:9      | Killed Voda's ghost
 12318 | D:9      | Reached skill level 11 in Conjurations
 12516 | D:9      | Found an iron altar of Okawaru.
 12545 | D:9      | Reached skill level 11 in Spellcasting
 12659 | D:9      | Found a radiant altar of Vehumet.
 13011 | D:9      | Reached *** piety under Vehumet
 13184 | D:9      | Learned a level 5 spell: Fireball
 13185 | D:10     | Entered Level 10 of the Dungeon
 13193 | D:9      | Reached skill level 1 in Fire Magic
 13317 | D:10     | Reached skill level 2 in Fire Magic
 13338 | D:10     | Reached skill level 3 in Fire Magic
 13338 | D:10     | Reached XP level 11. HP: 48/64 MP: 27/28
 13437 | D:10     | Noticed Erica
 13445 | D:10     | Killed Erica
 13445 | D:10     | Reached skill level 4 in Fire Magic
 13486 | D:10     | Reached skill level 5 in Fire Magic
 13509 | D:10     | Reached skill level 6 in Fire Magic
 13589 | D:10     | Offered knowledge of Ignite Poison by Vehumet.
 13609 | D:10     | Reached skill level 7 in Fire Magic
 13934 | D:10     | Found a staircase to the Lair.
 14187 | D:10     | Noticed Maud
 14196 | D:10     | Noticed a hill giant
 14208 | D:10     | Slain by Maud

Vault maps used:
D:1:      saegor_arrival_simple_c, minmay_cupped
D:2:      first_bread, gammafunk_pakellas_statue_experiment, uniq_sigmund
D:3:      kennysheep_the_goblin_king, amethyst_overflow_temple_binary
D:4:      nicolae_overflow_hidden_temple, uniq_natasha
D:5:      gup_sewer_entry_glass, uniq_duvessa
D:6:      old_standard_altar, minmay_temple_entry_mist, uniq_prince_ribbit1,
          uniq_edmund, uniq_grinder
D:7:      grunt_gozag_breadcrumbs
D:8:      serial_shops, shop, hangedman_pestilent_swarm
D:9:      lemuel_crystal_altar, basic_altar, hex_large, uniq_grum
D:10:     minmay_lair_entry_grove, uniq_maud, uniq_erica
Temple:   oiseaux_autumnal_temple_12
Sewer:    sewer_sea

Vanquished Creatures
  Erica
  The ghost of Voda the Basher, a novice OpWn of Ashenzari
  An orange crystal statue
  A troll Prince Ribbit
  A two-headed ogre Grinder Sigmund
  12 yaks
  2 wyverns Grum
  2 hippogriffs
  A steam dragon
  A hungry ghost
  4 wolves Edmund
  3 water moccasins
  4 porcupines Duvessa
  5 ice beasts
  5 sky beasts
  An eye of draining
  2 orc warriors
  2 ogres
  A phantom
  5 centaurs
  2 crocodiles
  6 giant frogs
  2 gnoll sergeants Dowan
  4 scorpions
  2 jellies
  9 wights
  2 crimson imps
  A giant frog zombie
  2 hounds
  9 orc priests
  A centaur skeleton
  3 giant frog skeletons
  4 iguanas
  Natasha (twice)
  11 orc wizards
  7 worker ants
  A siren
  A merfolk avatar
  A hound zombie
  A worker ant zombie
  14 adders
  4 river rats
  17 gnolls
  2 shadow imps
  An adder zombie
  An adder skeleton
  2 worms
  5 giant geckos
  32 orcs
  13 giant cockroaches
  18 goblins
  8 hobgoblins
  21 jackals
  5 kobolds
  4 quokkas
  6 ball pythons
  8 bats
  2 giant cockroach zombies
  2 giant gecko zombies
  12 giant newts
  A quokka zombie
  31 rats
  A bush
  3 fungi
  6 plants
352 creatures vanquished.
